 Seeded DCSS version 0.29.1-13-g9f3cf754e1 (webtiles) character file.

Game seed: 16245865983455551772 (custom seed)

99045 OTABOTABOTAB the Eclecticist (level 16, -17/93 HPs)
             Began as an Octopode Conjurer on Jan 24, 2023.
             Was an Elder of Sif Muna.
             Shot with an arrow by a deep elf archer (32 damage)
             ... on level 1 of the Elven Halls.
             The game lasted 01:07:29 (26631 turns).

OTABOTABOTAB the Eclecticist (Octopode Conjurer)   Turns: 26631, Time: 01:07:30

Health: -17/93     AC:  6    Str:  7    XL:     16   Next: 24%
Magic:  12/46      EV: 14    Int: 55    God:    Sif Muna [****..]
Gold:   384        SH:  8    Dex: 16    Spells: 9/50 levels left

rFire   + . .      SeeInvis +   x - staff of conjuration
rCold   + . .      Faith    .   V - +3 warlock's mirror {reflect}
rNeg    . . .      Spirit   .   E - +1 hat "Ucuef" {Will+ Slay+3 Stlth+}
rPois   .          Reflect  +   W - amulet of magic regeneration
rElec   +          Harm     .   i - ring of Rikiamom {AC+4 Int+4 Stlth+}
rCorr   .          Rampage  .   G - +6 ring of intelligence
Will    +++++                   h - +6 ring of intelligence
Stlth   +++++.....              u - ring "Vokug" {rElec rF+ Will+ Str+6 Dex+4}
HPRegen 0.25/turn               t - +6 ring of intelligence
MPRegen 0.70/turn               C - ring of protection from cold {rC+, !d}
                                w - ring of Obsession {Will+++ MP+9 Str-5 Int+6 SInv}
                                (no ring)

@: no status effects
A: almost no armour, amphibious, 8 rings, camouflage 1, gelatinous body 1,
(nimble swimmer 1), tentacles
a: Renounce Religion, Channel Magic, Forget Spell, Divine Exegesis


You were on level 1 of the Elven Halls.
You worshipped Sif Muna.
Sif Muna was greatly pleased with you.
You visited 5 branches of the dungeon, and saw 21 of its levels.
You also visited: Ice Cave.

You collected 2663 gold pieces.
You spent 2279 gold pieces at shops.

Inventory:

Missiles
 c - 2 curare-tipped darts
 s - 18 stones
 A - 5 poisoned darts
Armour
 E - the +1 hat "Ucuef" (worn) {Will+ Slay+3 Stlth+}
   (You bought it in a shop on level 2 of the Orcish Mines)

   Slay:      It affects your accuracy & damage with ranged weapons and melee
   (+3).
   Will:      It increases your willpower.
   Stlth:     It makes you more stealthy.
 V - the +3 warlock's mirror (worn) {reflect}
   (You acquired it on level 1 of the Dungeon)

   It can block and reflect piercing ranged attacks and magical attacks against
   the wielder's willpower.
Magical Staves
 x - a staff of conjuration (weapon)
   (You acquired it on level 1 of the Dungeon)
 D - a staff of cold {rC+}
   (You found it in an ice cave)
 R - a staff of earth
   (You found it in an ice cave)
Jewellery
 f - a ring of fire {rF+, rC-}
   (You found it on level 4 of the Lair of Beasts)
 h - a +6 ring of intelligence (on tentacle)
   (You found it on level 1 of the Dungeon)
 i - the ring of Rikiamom (left tentacle) {AC+4 Int+4 Stlth+}
   (You acquired it on level 1 of the Dungeon)

   [ring of protection]

   AC:        It affects your AC (+4).
   Int:       It affects your intelligence (+4).
   Stlth:     It makes you more stealthy.
 l - an amulet of regeneration
   (You found it on level 3 of the Dungeon)
 t - a +6 ring of intelligence (on tentacle)
   (You took it off a centaur on level 8 of the Dungeon)
 u - the ring "Vokug" (on tentacle) {rElec rF+ Will+ Str+6 Dex+4}
   (You bought it in a shop on level 7 of the Dungeon)

   [ring of strength]

   Str:       It affects your strength (+6).
   Dex:       It affects your dexterity (+4).
   rF:        It protects you from fire.
   rElec:     It insulates you from electricity.
   Will:      It increases your willpower.
 w - the ring of Obsession (on tentacle) {Will+++ MP+9 Str-5 Int+6 SInv}
   (You bought it in a shop on level 7 of the Dungeon)

   [ring of intelligence]

   Str:       It affects your strength (-5).
   Int:       It affects your intelligence (+6).
   MP:        It affects your magic capacity (+9).
   SInv:      It lets you see invisible.
   Will:      It greatly increases your willpower.
 C - a ring of protection from cold (on tentacle) {rC+, !d}
   (You found it on level 2 of the Lair of Beasts)
 G - a +6 ring of intelligence (right tentacle)
   (You found it on level 1 of the Dungeon)
 W - an amulet of magic regeneration (around mantle)
   (You found it on level 2 of the Lair of Beasts)
Wands
 d - a wand of digging (7)
   (You found it on level 12 of the Dungeon)
 e - a wand of charming (26)
   (You took it off an orc priest on level 7 of the Dungeon)
 p - a wand of roots (48)
   (You took it off an orc priest on level 3 of the Dungeon)
 q - a wand of flame (128)
   (You found it on level 6 of the Dungeon)
 y - a wand of mindburst (11)
   (You found it on level 3 of the Lair of Beasts)
Scrolls
 j - 2 scrolls of enchant armour
 k - 9 scrolls of amnesia
 n - a scroll of torment {!r}
 r - 4 scrolls of identify {@r1}
 F - 2 scrolls of enchant weapon
 K - 3 scrolls of immolation {!r}
 X - 2 scrolls of magic mapping {@r4!r}
 Y - 13 scrolls of teleportation {@r3}
Potions
 a - a potion of might
 b - 8 potions of attraction {!q}
 o - 2 potions of cancellation
 B - 8 potions of brilliance
 I - a potion of invisibility
 J - 11 potions of curing {@q1}
 L - 3 potions of flight
 M - 3 potions of magic
 N - 3 potions of heal wounds {@q2}
 P - 6 potions of lignification {!q}
 T - 4 potions of berserk rage {!q}
 U - 2 potions of mutation {!q}
Miscellaneous
 g - a tin of tremorstones (2/2)
   (You found it on level 5 of the Lair of Beasts)
 m - a phantom mirror
   (You found it on level 5 of the Lair of Beasts)
 v - a lightning rod (4/4)
   (You found it on level 11 of the Dungeon)
 z - a box of beasts
   (You found it on level 5 of the Lair of Beasts)
 Q - a piece from Xom's chessboard (15/15)
   (You found it in an ice cave)


   Skills:
 + Level 3.1 Fighting
 + Level 3.7 Dodging
 - Level 2.6 Stealth
 - Level 5.0 Shields
 + Level 17.5 Spellcasting
 + Level 14.4 Conjurations
 - Level 5.0 Hexes
 - Level 5.0 Translocations
 * Level 4.5 Fire Magic
 - Level 13.8 Invocations


You had 9 spell levels left.
You knew the following spells:

 Your Spells              Type           Power      Damage    Failure   Level
a - Magic Dart            Conj           100%       1d8       0%          1
b - Searing Ray           Conj           100%       2d8       0%          2
c - Fulminant Prism       Conj/Hex       62%        3d27      1%          4
d - Freezing Cloud        Conj/Ice/Air   50%        6-21      1%          5
e - Fire Storm            Conj/Fire      61%        8d16      100%        9
f - Iron Shot             Conj/Erth      56%        9d11      3%          6
g - Fireball              Conj/Fire      61%        3d23      1%          5
x - Iskenderun's Mystic   Conj/Tloc      100%       2d19      1%          4
z - Iskenderun's Battles  Conj           100%       2d15      1%          5

Your spell library contained the following spells:

 Spells                   Type           Power      Damage    Failure   Level
 Foxfire                  Conj/Fire      100%       2x1d9     0%          1
 Shock                    Conj/Air       100%       1d9       1%          1
 Sting                    Tmut/Pois      100%       1d8       1%          1
 Blink                    Tloc           100%       N/A       1%          2
 Ensorcelled Hibernation  Hex/Ice        100%       N/A       1%          2
 Poisonous Vapours        Pois/Air       96%        N/A       1%          2
 Confusing Touch          Hex            80%        N/A       1%          3
 Dazzling Flash           Conj/Hex       100%       N/A       1%          3
 Gell's Gravitas          Tloc           80%        N/A       1%          3
 Lesser Beckoning         Tloc           80%        N/A       1%          3
 Mephitic Cloud           Conj/Pois/Air  100%       N/A       1%          3
 Portal Projectile        Hex/Tloc       100%       N/A       1%          3
 Spider Form              Tmut/Pois      48%        N/A       1%          3
 Swiftness                Air            48%        N/A       1%          3
 Teleport Other           Tloc           80%        N/A       1%          3
 Tukima's Dance           Hex            80%        N/A       1%          3
 Anguish                  Hex/Necr       33%        N/A       1%          4
 Cause Fear               Hex            40%        N/A       1%          4
 Lightning Bolt           Conj/Air       56%        1d78      1%          5
 Manifold Assault         Tloc           80%        N/A       1%          5
 Orb of Destruction       Conj           71%        9d16      1%          7
 Airstrike                Air            24%        2d(4-20)  3%          4
 Olgreb's Toxic Radiance  Pois           48%        N/A       3%          4
 Silence                  Hex/Air        33%        N/A       3%          5
 Summon Forest            Summ/Tloc      33%        N/A       3%          5
 Summon Mana Viper        Hex/Summ       66%        N/A       3%          5
 Yara's Violent Unravell  Hex/Tmut       33%        3d14      3%          5
 Alistair's Intoxication  Tmut/Pois      32%        N/A       11%         5
 Blade Hands              Tmut           24%        N/A       11%         5
 Spellforged Servitor     Conj/Summ      56%        N/A       16%         7
 Enfeeble                 Hex            40%        N/A       38%         7
 Summon Cactus Giant      Summ           24%        N/A       50%         6
 Chain Lightning          Conj/Air       56%        3d75      100%        9
 Shatter                  Erth           24%        3d21*     100%        9


Dungeon Overview and Level Annotations

Branches:
Dungeon (12/15)            Temple (1/1) D:5            Lair (5/5) D:8
  Swamp (0/4) Lair:3        Snake (0/4) Lair:2        Slime (0/5) Lair:4
    Orc (2/2) D:12            Elf (1/3) Orc:2         IceCv (visited)

Altars:
Ashenzari
Cheibriados
Dithmenos
Elyvilon
Fedhas
Gozag
Hepliaklqana
Kikubaaqudgha
Makhleb
Nemelex Xobeh
Okawaru
Qazlal
Ru
Sif Muna
Trog
Uskayaw
Vehumet
Wu Jian
Xom
Yredelemnul
Zin
The Shining One

Shops:
D:3 [   D:4 *:[   D:7 =   Orc:1 *   Orc:2 ([((

Annotations:
Elf:1 1 runed translucent door


Innate Abilities, Weirdness & Mutations

You cannot wear most types of armour.
You are amphibious.
You can wear up to eight rings at the same time.
Your skin changes colour to match your surroundings (Stealth+).
Your rubbery body absorbs attacks. (AC +1, EV +1)
((You are camouflaged when in or above water. (Stealth+)))
You have tentacles for arms and can constrict up to eight enemies at once.


Message History

You hear a shout!
Your Fire Magic skill increases to level 4!
You now have 20/46 mp.
Aim: a deep elf knight, wielding a +0 short sword (fast)
You feel a surge of power!
The fireball explodes!
The fireball engulfs the deep elf knight!!
You hear a shout!
The deep elf archer unwields a +0 scimitar.
The deep elf archer wields a +0 shortbow.
The deep elf archer shoots an arrow.
The arrow hits you!
* * * LOW HITPOINT WARNING * * *
You take 17 damage, and have 15/91 hp.
Aim: a deep elf knight, wielding a +0 short sword (heavily wounded, fast)
You feel a surge of power!
The fireball explodes!
The fireball engulfs the deep elf knight!!
You kill the deep elf knight!
Sif Muna accepts your kill.
You hear a shout!
A deep elf zephyrmancer comes into view.
It is wielding a +0 rapier.
A deep elf zephyrmancer comes into view.
It is wielding a +0 vorpal hand axe.
You now have 19/46 mp.
You close the door.
The deep elf zephyrmancer casts a spell.
The deep elf zephyrmancer blinks!
The deep elf zephyrmancer gestures at you while chanting.
Your +3 warlock's mirror {reflect} reflects the bolt of lightning!
The bolt of lightning hits the deep elf zephyrmancer!
The bolt of lightning hits the deep elf zephyrmancer!!
You kill the deep elf zephyrmancer!
Sif Muna accepts your kill.
You regained 4 mp, and now have 23/46 mp.
You can't see any susceptible monsters within range! (Use Z to cast anyway.)
You regained 5 mp, and now have 28/46 mp.
You feel less invigorated.
Things that are here:
a +0 rapier; an elf corpse You regained 6 mp, and now have 34/46 mp.
Aim: a deep elf zephyrmancer, wielding a +0 vorpal hand axe and wearing a +0 leather armour You feel a surge of power!
The fireball explodes!
The fireball engulfs the deep elf zephyrmancer!!
You hear a shout!
A deep elf archer opens the door.
The deep elf zephyrmancer gestures at you while chanting.
The bolt of lightning hits you! You resist.
* * * LOW HITPOINT WARNING * * *
The bolt of lightning misses you.
You hear a shout!
You take 12 damage, and have 5/92 hp.
You now have 30/46 mp.
You feel much better.
A deep elf pyromancer comes into view. It is wielding a +0 long sword.
You regained 23 hp, and now have 28/92 hp.
You feel a surge of power!
You erupt in a blast of force!
The mystic blast hits the deep elf pyromancer!!
The deep elf pyromancer is knocked back by the mystic blast.
The deep elf pyromancer slams into the rock wall!
The mystic blast hits the deep elf zephyrmancer!!
You kill the deep elf zephyrmancer!
Sif Muna accepts your kill.
The mystic blast hits the +2 broad axe of venom!
The +2 broad axe of venom is knocked back by the mystic blast.
The +2 broad axe of venom collides with the deep elf archer!
You now have 28/46 mp.
You feel a surge of power!
You erupt in a blast of force!
The mystic blast hits the deep elf pyromancer!
The deep elf pyromancer is knocked back by the mystic blast.
The deep elf pyromancer slams into the rock wall!
You kill the deep elf pyromancer!
Sif Muna accepts your kill.
The mystic blast hits the +2 broad axe of venom!!
The +2 broad axe of venom is knocked back by the mystic blast.
The +2 broad axe of venom collides with the deep elf archer!
A deep elf pyromancer comes into view. It is wielding a +0 short sword.
Your Fighting skill increases to level 3!
You now have 24/46 mp.
You feel a surge of power!
You erupt in a blast of force!
The mystic blast hits the deep elf pyromancer!
The deep elf pyromancer is knocked back by the mystic blast.
The deep elf pyromancer slams into the rock wall!
The mystic blast hits the +2 broad axe of venom!
The +2 broad axe of venom falls from the air.
Sif Muna accepts your kill.
The deep elf archer shoots an arrow.
The arrow hits you!
* * * LOW HITPOINT WARNING * * *
You take 15 damage, and have 14/93 hp.
You now have 21/46 mp.
You feel a surge of power!
You erupt in a blast of force!
The mystic blast hits the deep elf pyromancer!!
You kill the deep elf pyromancer!
Sif Muna accepts your kill.
The deep elf archer shoots an arrow.
You reflect the arrow off your +3 warlock's mirror {reflect}!
The arrow closely misses the deep elf archer.
A deep elf pyromancer comes into view.
It is wielding a +5 long sword of holy wrath.
You now have 18/46 mp.
You can't see any susceptible monsters within range! (Use Z to cast anyway.)
Okay, then.
Aim: a deep elf archer, wielding a +0 shortbow, wearing a +0 leather armour and quivering stones (moderately wounded, repelling missiles, 37% to hit)
You feel a surge of power!
The deep elf archer repels the iron shot!
The deep elf archer shoots an arrow.
The arrow hits you!!
You die...

#........) #.........
#....... ##'...##
##.##### ##.## #
##.## #) ### ##..#
#### #ยง##@# ##.#.#
#..) #.)))#
##.##.#####...
####.###.###.....+..[
##e##.## #######...
#...'## #..) ##.).##
#### #..)..# ##e.)##
#..e#


You could see a deep elf archer (repels missiles) and a deep elf pyromancer.

Vanquished Creatures
  Zenata (Elf:1)
  Donald (Orc:2)
  Kirke (Lair:4)
  2 orc warlords
  2 deep elf sorcerers (Elf:1)
  A deep elf annihilator (Elf:1)
  5 hydras
  Fannar (D:10)
  2 ironbound frosthearts (IceCv)
  Erolcha (Orc:2)
  2 death yaks (IceCv)
  A dancing weapon (Elf:1)
  3 two-headed ogres
  2 orc high priests (Orc:2)
  15 spriggans (Lair:5)
  Urug (D:12)
  Sonja (Lair:3)
  A hell knight (D:11)
  3 deep elf knights (Elf:1)
  Amaemon (D:8)
  A deep troll (Orc:2)
  A lindwurm (Lair:5)
  A deep elf archer (Elf:1)
  14 deep elf zephyrmancers (Elf:1)
  5 orc knights
  5 orc sorcerers (Orc:2)
  9 deep elf pyromancers
  An ugly thing (IceCv)
  2 cyclopes
  18 elephants
  Maurice (D:8)
  Joseph (D:8)
  2 black mambas
  An ice statue (IceCv)
  An orange demon (D:8)
  7 cane toads
  Psyche (D:7)
  A kobold demonologist (D:11)
  7 komodo dragons
  An unseen horror (D:11)
  5 rime drakes
  2 ice devils (Lair:1)
  7 trolls
  17 blink frogs
  6 hornets
  14 polar bears
  4 slime creatures (D:12)
  13 dream sheep (Lair:3)
  2 air elementals (Elf:1)
  Sigmund (D:5)
  A wraith (D:12)
  3 shadows
  72 yaks
  A human (D:11)
  9 hogs
  8 wyverns
  4 basilisks
  3 fire elementals
  A yak (shapeshifter) (D:11)
  A steam dragon (D:7)
  4 vampire mosquitoes (D:12)
  5 wargs
  3 nagas (Lair:2)
  18 water moccasins
  A swamp drake (Lair:3)
  2 ice beasts
  38 orc warriors
  8 black bears
  3 ogres
  49 wolves
  3 boggarts (Lair:5)
  A phantom (D:6)
  5 centaurs
  5 kobold brigands
  9 bullfrogs
  2 necrophages
  2 gnoll sergeants
  6 scorpions
  11 wights
  5 killer bees
  4 howler monkeys
  A lava snake (D:11)
  20 orc priests
  A gnoll bouda (D:7)
  4 hounds
  An iron imp (D:4)
  Jessica (D:2)
  3 iguanas
  21 orc wizards
  Natasha (thrice) (D:3)
  4 hell rats (Lair:4)
  A hound skeleton (D:4)
  14 gnolls
  5 adders
  A white imp (D:5)
  A dart slug (D:5)
  83 orcs
  6 ball pythons
  3 bats
  8 endoplasms
  A giant cockroach (D:4)
  5 goblins
  8 hobgoblins
  31 kobolds
  4 quokkas
  3 frilled lizards
  7 rats
  A bush (Lair:3)
  A fulminant prism (D:12)
727 creatures vanquished.

Vanquished Creatures (collateral kills)
  An earth elemental (Elf:1)
1 creature vanquished.

Vanquished Creatures (others)
  A deep elf pyromancer (Elf:1)
  2 orc priests (Orc:2)
  An orc wizard (Orc:2)
  182 fulminant prisms
  63 fungi
  66 plants
315 creatures vanquished.

Grand Total: 1043 creatures vanquished

Notes
Turn   | Place    | Note
-------+----------+-------------------------------------------
     0 | D:1      | OTABOTABOTAB the Octopode Conjurer began the quest for the
                  | Orb.
     0 | D:1      | Reached XP level 1. HP: 11/11 MP: 3/3
   131 | D:1      | Identified 3 scrolls of acquirement
   131 | D:1      | Acquired a staff of conjuration
   133 | D:1      | Acquired the ring of Rikiamom {AC+4 Int+4 Stlth+}
   135 | D:1      | Acquired the +3 warlock's mirror {reflect}
   135 | D:1      | Found the +3 warlock's mirror {reflect}
   213 | D:1      | Reached XP level 2. HP: 17/17 MP: 3/5
   282 | D:1      | Learned a level 2 spell: Searing Ray
   295 | D:1      | Found a faded altar of an unknown god.
  1239 | D:1      | Reached XP level 3. HP: 21/21 MP: 5/7
  1670 | D:2      | Noticed Jessica
  1672 | D:2      | Killed Jessica
  1673 | D:2      | Reached skill level 1 in Shields
  1673 | D:2      | Reached skill level 3 in Spellcasting
  1733 | D:2      | Reached XP level 4. HP: 27/27 MP: 4/8
  2104 | D:2      | Learned a level 4 spell: Fulminant Prism
  2206 | D:3      | Reached XP level 5. HP: 21/31 MP: 5/10
  2451 | D:3      | Noticed Natasha
  2458 | D:3      | Killed Natasha
  2459 | D:3      | Reached skill level 1 in Hexes
  2465 | D:3      | Reached skill level 2 in Shields
  2775 | D:3      | Found Ymmy Ciutu's Antique Armour Shoppe.
  2782 | D:3      | Noticed Natasha
  2789 | D:3      | Killed Natasha
  2790 | D:3      | Reached skill level 4 in Spellcasting
  2921 | D:3      | Reached XP level 6. HP: 36/36 MP: 9/12
  3074 | D:3      | Noticed Natasha
  3079 | D:3      | Killed Natasha
  3437 | D:4      | Learned a level 4 spell: Iskenderun's Mystic Blast
  3445 | D:4      | Reached skill level 5 in Conjurations
  3445 | D:4      | Reached skill level 2 in Hexes
  3530 | D:4      | Found Gamycsypi's Antique Armour Boutique.
  3617 | D:4      | Found Koenoidu's Book Boutique.
  3688 | D:4      | Found a snail-covered altar of Cheibriados.
  3707 | D:4      | Reached skill level 1 in Translocations
  3808 | D:4      | Found Tuuwolaw's General Store.
  3856 | D:4      | Reached XP level 7. HP: 41/41 MP: 7/13
  4144 | D:4      | Found a shadowy altar of Dithmenos.
  4199 | D:4      | Found a burning altar of Makhleb.
  4220 | D:4      | Reached skill level 3 in Shields
  4538 | D:5      | Entered Level 5 of the Dungeon
  4631 | D:5      | Reached skill level 5 in Spellcasting
  4855 | D:5      | You fall into a shaft and drop 1 floor!
  5159 | D:6      | Reached skill level 2 in Translocations
  5330 | D:6      | Reached skill level 3 in Hexes
  5330 | D:6      | Reached XP level 8. HP: 46/46 MP: 9/16
  5521 | D:6      | Acquired 618 gold pieces
  6203 | D:6      | Reached skill level 6 in Spellcasting
  6652 | D:5      | Reached skill level 4 in Shields
  6652 | D:5      | Reached skill level 6 in Conjurations
  6652 | D:5      | Reached skill level 3 in Translocations
  6724 | D:5      | Found a glowing silver altar of Zin.
  6916 | D:5      | Noticed Sigmund
  6920 | D:5      | Killed Sigmund
  7184 | D:5      | Reached skill level 4 in Hexes
  7556 | D:5      | Found a staircase to the Ecumenical Temple.
  7565 | Temple   | Entered the Ecumenical Temple
  7576 | Temple   | Became a worshipper of Sif Muna the Loreminder
  8236 | D:7      | Found Dackej's Jewellery Shoppe.
  8242 | D:7      | Bought the ring "Vokug" {rElec rF+ Will+ Str+6 Dex+4} for
                  | 923 gold pieces
  8253 | D:7      | Reached XP level 9. HP: 51/51 MP: 10/18
  8333 | D:7      | Reached skill level 1 in Invocations
  8552 | D:7      | Reached skill level 7 in Spellcasting
  8787 | D:7      | Found a hazy altar of Hepliaklqana.
  8796 | D:7      | Reached skill level 4 in Translocations
  8925 | D:7      | Reached skill level 2 in Invocations
  9083 | D:7      | Reached skill level 5 in Shields
  9404 | D:8      | Noticed Psyche
  9443 | D:7      | Killed Psyche
  9444 | D:7      | Reached skill level 3 in Invocations
  9538 | D:8      | Reached * piety under Sif Muna
  9539 | D:8      | Reached skill level 5 in Hexes
  9576 | D:8      | Reached skill level 7 in Conjurations
  9576 | D:8      | Reached XP level 10. HP: 56/56 MP: 2/21
  9769 | D:8      | Noticed Amaemon
  9776 | D:8      | Noticed an orange demon
  9777 | D:8      | Noticed Joseph
  9777 | D:8      | Killed Amaemon
  9778 | D:8      | Reached skill level 8 in Spellcasting
  9778 | D:8      | Reached skill level 5 in Translocations
  9778 | D:8      | Reached skill level 4 in Invocations
  9796 | D:8      | Killed an orange demon
  9799 | D:8      | Killed Joseph
  9857 | D:8      | Reached skill level 5 in Invocations
 10047 | D:8      | Reached skill level 9 in Spellcasting
 10126 | D:8      | Noticed Maurice
 10136 | D:8      | Killed Maurice
 10137 | D:8      | Reached skill level 8 in Conjurations
 10420 | D:8      | Reached ** piety under Sif Muna
 10466 | D:8      | Found a staircase to the Lair.
 10591 | D:8      | Found a stormy altar of Qazlal.
 10852 | D:9      | Found a sacrificial altar of Ru.
 10868 | D:9      | Noticed a two-headed ogre
 10883 | D:9      | Killed a two-headed ogre
 10884 | D:9      | Reached skill level 6 in Invocations
 10884 | D:9      | Reached XP level 11. HP: 61/61 MP: 11/24
 11327 | D:9      | Noticed a two-headed ogre
 11334 | D:9      | Reached skill level 10 in Spellcasting
 11336 | D:9      | Killed a two-headed ogre
 11750 | D:9      | Found an iron altar of Okawaru.
 11750 | D:9      | Found a shimmering altar of Xom.
 11750 | D:9      | Found a broken altar of Ashenzari.
 11795 | D:10     | Entered Level 10 of the Dungeon
 12064 | D:10     | Noticed Fannar
 12070 | D:10     | Killed Fannar
 12071 | D:10     | Reached skill level 9 in Conjurations
 12071 | D:10     | Reached skill level 7 in Invocations
 12453 | D:10     | Reached skill level 11 in Spellcasting
 13053 | D:11     | Reached *** piety under Sif Muna
 13053 | D:11     | HP: 4/61 [spore (51)]
 13073 | D:11     | Noticed a hell knight
 13331 | D:11     | Noticed a two-headed ogre
 13342 | D:11     | Killed a two-headed ogre
 13343 | D:11     | Reached skill level 8 in Invocations
 13343 | D:11     | Reached XP level 12. HP: 66/66 MP: 14/27
 14171 | D:11     | Noticed a sun demon
 14237 | D:11     | Killed a hell knight
 14493 | D:12     | Reached skill level 10 in Conjurations
 14501 | D:12     | Reached skill level 12 in Spellcasting
 14555 | D:12     | Noticed Urug
 14566 | D:12     | Killed Urug
 14882 | D:12     | Reached skill level 9 in Invocations
 15249 | D:12     | Found a staircase to the Orcish Mines.
 15686 | Orc:1    | Entered Level 1 of the Orcish Mines
 15817 | Orc:1    | Found Uwankog's General Store.
 16103 | Orc:2    | Entered Level 2 of the Orcish Mines
 16120 | Orc:2    | Reached skill level 13 in Spellcasting
 16130 | Orc:2    | Noticed Donald
 16134 | Orc:2    | Noticed Erolcha
 16137 | Orc:2    | Killed Erolcha
 16140 | Orc:2    | Killed Donald
 16141 | Orc:2    | Reached skill level 11 in Conjurations
 16141 | Orc:2    | Reached XP level 13. HP: 64/71 MP: 12/30
 16186 | Orc:2    | Reached skill level 10 in Invocations
 16236 | Orc:2    | Reached **** piety under Sif Muna
 16264 | Orc:2    | Noticed an orc warlord
 16560 | Orc:1    | Killed an orc warlord
 16870 | Orc:2    | Reached skill level 14 in Spellcasting
 16930 | Orc:2    | Found Lueshr Buat's Antique Weapon Emporium.
 17117 | Orc:2    | Found Zoahoj's Weapon Boutique.
 17465 | Orc:2    | Found a staircase to the Elven Halls.
 17646 | Orc:2    | Reached skill level 11 in Invocations
 17698 | Orc:2    | Noticed an orc warlord
 17711 | Orc:2    | Killed an orc warlord
 18056 | Orc:2    | Found Goaph's Antique Armour Emporium.
 18058 | Orc:2    | Found Bueli's Antique Weapon Shoppe.
 18077 | Orc:2    | Bought a buzzing hat for 270 gold pieces
 18077 | Orc:2    | Identified the +1 hat "Ucuef" {Will+ Slay+3 Stlth+} (You
                  | bought it in a shop on level 2 of the Orcish Mines)
 18275 | Lair:1   | Entered Level 1 of the Lair of Beasts
 18310 | Lair:1   | Reached skill level 12 in Conjurations
 18421 | Lair:1   | Reached ***** piety under Sif Muna
 18433 | Lair:1   | Received a gift from Sif Muna
 18434 | Lair:1   | Got Kotsir's Omnibus of the Electric Excursion {god gift}
 18626 | Lair:1   | Reached XP level 14. HP: 76/76 MP: 5/32
 18890 | Lair:1   | Found a frozen archway.
 18904 | IceCv    | Entered an ice cave
 19278 | IceCv    | Reached skill level 15 in Spellcasting
 20316 | IceCv    | Reached skill level 12 in Invocations
 21129 | Lair:2   | Found a staircase to the Snake Pit.
 21212 | Lair:2   | HP: 19/76 [poisoned by a black mamba]
 21372 | Lair:2   | Received a gift from Sif Muna
 21875 | Lair:3   | Reached skill level 13 in Conjurations
 21880 | Lair:3   | HP: 19/76 [poisoned by a swamp drake (noxious blast)]
 21885 | Lair:3   | HP: 15/76 [poisoned by a swamp drake (noxious blast)]
 22172 | Lair:3   | Found a staircase to the Swamp.
 22322 | Lair:3   | Noticed Sonja
 22326 | Lair:3   | Reached skill level 16 in Spellcasting
 22328 | Lair:3   | Killed Sonja
 22807 | Lair:4   | Reached XP level 15. HP: 73/81 MP: 6/35
 22808 | Lair:4   | Received a gift from Sif Muna
 22818 | Lair:4   | Reached skill level 13 in Invocations
 22839 | Lair:4   | Noticed Kirke
 22872 | Lair:4   | Killed Kirke
 22913 | Lair:4   | Got Sif Muna's Codex of Concussion {god gift}
 23596 | Lair:4   | Found a staircase to the Slime Pits.
 23681 | Lair:5   | Entered Level 5 of the Lair of Beasts
 24139 | Lair:5   | Received a gift from Sif Muna
 24140 | Lair:5   | Got Buv Zog's Discursus on the Fey Black Widow {god gift}
 24195 | Lair:5   | Reached skill level 17 in Spellcasting
 24853 | Lair:5   | Reached skill level 14 in Conjurations
 25333 | Lair:5   | Learned a level 5 spell: Iskenderun's Battlesphere
 25339 | Lair:5   | Learned a level 5 spell: Freezing Cloud
 25349 | Lair:5   | Learned a level 9 spell: Fire Storm
 25356 | Lair:5   | Learned a level 6 spell: Iron Shot
 25648 | D:7      | Bought the ring of Obsession {Will+++ MP+9 Str-5 Int+6
                  | SInv} for 1086 gold pieces
 25798 | Elf:1    | Entered Level 1 of the Elven Halls
 25798 | Elf:1    | Noticed a deep elf sorcerer
 25798 | Elf:1    | Found a runed translucent gate.
 25798 | Elf:1    | Found a runed translucent gate.
 25798 | Elf:1    | Found a runed translucent gate.
 25798 | Elf:1    | Found a runed translucent gate.
 25798 | Elf:1    | Found a runed translucent gate.
 25798 | Elf:1    | Found a runed translucent gate.
 25799 | Elf:1    | Found a runed translucent door.
 25803 | Elf:1    | Reached skill level 1 in Fire Magic
 25806 | Elf:1    | Found a runed translucent door.
 25809 | Elf:1    | Killed a deep elf sorcerer
 25817 | Elf:1    | Reached skill level 1 in Fighting
 25883 | Elf:1    | Identified the -1 cloak "Turch" {Str+4}
 25947 | Elf:1    | Reached skill level 2 in Fire Magic
 26049 | Elf:1    | Paralysed by an air elemental for 1 turns
 26196 | Elf:1    | Received a gift from Sif Muna
 26197 | Elf:1    | Got Sif Muna's Octavo of Outbursts {god gift}
 26204 | Elf:1    | Learned a level 5 spell: Fireball
 26265 | Elf:1    | Noticed a deep elf sorcerer
 26270 | Elf:1    | Killed a deep elf sorcerer
 26271 | Elf:1    | Reached skill level 3 in Fire Magic
 26271 | Elf:1    | Reached XP level 16. HP: 34/90 MP: 25/37
 26271 | Elf:1    | HP: 7/90 [deep elf knight/lance of force (27)]
 26277 | Elf:1    | Reached skill level 2 in Fighting
 26288 | Elf:1    | Reached skill level 3 in Dodging
 26549 | Elf:1    | Noticed Zenata
 26559 | Elf:1    | HP: 21/90 [Zenata/+2 eveningstar (34)]
 26561 | Elf:1    | Killed Zenata
 26619 | Elf:1    | Reached skill level 4 in Fire Magic
 26619 | Elf:1    | HP: 15/91 [deep elf archer/arrow (17)]
 26625 | Elf:1    | HP: 5/92 [deep elf zephyrmancer/bolt of lightning (12)]
 26629 | Elf:1    | Reached skill level 3 in Fighting
 26631 | Elf:1    | Shot with an arrow by a deep elf archer

Illustrated notes

Levels and vault maps discovered:
D:1:      minmay_arrival_hallway, layout_loops_corners, basic_ecumenical_altar,
          minmay_unequal
D:2:      layout_loops_ring, uniq_jessica
D:3:      layout_basic, serial_shops, nicolae_shop_advertising_works
          [nicolae_subvault_shop_adworks], minmay_shallow_snake_nest,
          uniq_natasha
D:4:      layout_rooms, grunt_dithmenos_smoke_and_mirrors,
          makhleb_blood_cavern_becter, slow_altar_1, serial_shops,
          nicolae_square_shop, nicolae_shop_temple_entry_statues_fountains,
          kennysheep_mini_moat, chequers_serial_rivers_large_a,
          minmay_fractal_squares_gapless_5
D:5:      layout_layer_cave, mainiacjoe_overflow_cross_hatched,
          lemuel_temple_firewalk_b, uniq_sigmund
D:6:      layout_basic
D:7:      layout_basic, nicolae_hepliaklqana_hazy_memory, serial_shops,
          nicolae_stop_n_shop_2
D:8:      layout_basic, nicolae_qazlal_style_of_elements,
          grunt_lair_entry_orc_guard_hut, uniq_amaemon, uniq_psyche,
          uniq_joseph, uniq_maurice
D:9:      layout_roguey, nicolae_overflow_crystal_walls,
          gammafunk_temple_overflow_claw
D:10:     layout_loops_ring, uniq_fannar
D:11:     layout_long_grid, grunt_livestock, kennysheep_island_fort
D:12:     layout_basic, orc_0_dummy, serial_glass, glass_columns_a,
          glass_columns_a, glass_columns_a, glass_columns_a, glass_columns_a,
          glass_columns_a, uniq_urug
Temple:   nicolae_temple_bog_church
Lair:1:   layout_loops_ring, portal_ice_cave_demonic_guard, grunt_megastairs_2
Lair:2:   layout_roguey, guppyfry_snake_entry_island
Lair:3:   layout_cave_shapes, minmay_swamp_entry_reptiles, uniq_sonja
Lair:4:   layout_roguey, slime_entry_1, grunt_megastairs_3, uniq_kirke
Lair:5:   minmay_lair_end_enchanted_forest, layout_long_grid,
          infiniplex_staircase_pool_2
Orc:1:    layout_caves, basic_altar, serial_shops, nicolae_shop_waterfront
Orc:2:    grunt_orc_community_town_hall, layout_diamond_mine,
          grunt_orc_community_big_house_2, grunt_orc_community_big_house_2,
          grunt_orc_community_house_3, grunt_orc_community_house_1,
          grunt_orc_community_house_3, grunt_orc_community_house_1,
          guppyfry_orc_lava_fort, uniq_donald, uniq_erolcha
Elf:1:    nicolae_elf_arrival_dilemma, layout_geoelf_grid,
          kennysheep_underground_church, patterned_corridor, uniq_zenata,
          uniq_frances

Skill      XL: |  1  2  3  4  5  6  7  8  9 10 11 12 13 14 15 16 |
---------------+-------------------------------------------------+-----
Shields        | 1 2 3 4 5 |  5.0
Spellcasting   | 3 4 5 6 7 9 11 13 14 16 17 | 17.5
Hexes          | 1 2 3 4 5 |  5.0
Conjurations   | 5 6 7 8 9 11 12 13 14 | 14.4
Translocations | 1 2 3 4 5 |  5.0
Invocations    | 3 6 8 9 11 12 13 | 13.8
Fire Magic     | 3 4 |  4.5
Fighting       | 1 3 |  3.1
Dodging        | 3 |  3.7
Stealth        | |  2.6

Action                   |  1- 3 |  4- 6 |  7- 9 | 10-12 | 13-15 | 16-18 || total
-------------------------+-------+-------+-------+-------+-------+-------++-------
Melee: Unarmed           |     4 |       |     1 |       |       |       ||     5
       Tentacles         |     2 |     3 |    14 |     6 |     8 |       ||    33
       Constrict         |     1 |     1 |     5 |     3 |     8 |       ||    18
       Staff             |     4 |     8 |    45 |    11 |    22 |       ||    90
       Punch             |       |       |     1 |       |     1 |       ||     2
 Cast: Magic Dart        |    39 |    73 |   145 |   170 |   278 |       ||   705
       Searing Ray       |       |     8 |    24 |    28 |    58 |       ||   118
       Iskenderun's Myst |       |     1 |     7 |    65 |   265 |    20 ||   358
       Fulminant Prism   |       |       |     9 |    69 |   106 |       ||   184
       Fireball          |       |       |       |       |     4 |    13 ||    17
       Iskenderun's Batt |       |       |       |       |     3 |     2 ||     5
       Iron Shot         |       |       |       |       |       |     5 ||     5
Invok: Channel Magic     |       |       |       |    10 |    20 |     3 ||    33
  Use: Scroll            |     7 |     1 |     8 |     8 |     4 |     1 ||    29
       Potion            |       |       |       |       |       |     2 ||     2
 Stab: Distracted        |       |       |     1 |       |       |       ||     1
Armor: Skin              |     2 |     1 |    24 |    30 |    37 |       ||    94
Dodge: Dodged            |     4 |     7 |    41 |    63 |    98 |     3 ||   216
Block: Buckler           |       |    13 |    36 |    53 |    99 |     4 ||   205
       Reflection        |       |     4 |     5 |    17 |    20 |     3 ||    49

Table legend: (Time is in decaauts)
 A = Elapsed time spent in this place.
 B = Non-inter-level travel time spent in this place.
 C = Inter-level travel time spent in this place.
 D = Time resting spent in this place.
 E = Time spent auto-exploring this place.
 F = Levels seen in this place.
 G = Mean time per level.
                   A        B        C        D        E       F      G
               +--------+--------+--------+--------+--------+-----+--------+
         Total |  26671 |  25302 |   1369 |   1571 |  20247 |  22 | 1212.3 |
       Dungeon |  15940 |  15039 |    901 |    537 |  12904 |  12 | 1328.3 |
        Temple |    173 |    168 |      5 |      0 |    128 |   1 |  173.0 |
          Lair |   5426 |   5071 |    355 |    152 |   4071 |   5 | 1085.2 |
  Orcish Mines |   2524 |   2417 |    107 |    580 |   1265 |   2 | 1262.0 |
   Elven Halls |    832 |    832 |      0 |    170 |    522 |   1 |  832.0 |
      Ice Cave |   1773 |   1773 |      0 |    132 |   1357 |   1 | 1773.0 |
               +--------+--------+--------+--------+--------+-----+--------+

Top non-repeatable levels by time:
     D:6: 1898 daAuts
   IceCv: 1773 daAuts
     D:5: 1731 daAuts
   Orc:2: 1681 daAuts
    D:10: 1563 daAuts
  Lair:5: 1554 daAuts
     D:8: 1366 daAuts
     D:1: 1332 daAuts
    D:12: 1262 daAuts
    D:11: 1249 daAuts
     D:3: 1218 daAuts
     D:9: 1164 daAuts
     D:7: 1163 daAuts
     D:4: 1131 daAuts
  Lair:3: 1036 daAuts

Table legend:
 A = Kills in this place as a percentage of kills in entire the game.
 B = Kills by you in this place as a percentage of kills by you in the entire game.
 C = Kills by friends in this place as a percentage of kills by friends in the entire game.
 D = Other kills in this place as a percentage of other kills in the entire game.
 E = Experience gained in this place as a percentage of experience gained in the entire game.
 F = Experience gained in this place divided by the number of levels of this place that you have seen.
                   A       B       C       D       E      F
               +-------+-------+-------+-------+-------+----------------------
         Total | 100.0 | 100.0 | 100.0 | 100.0 | 100.0 | 6431.5
       Dungeon |  38.4 |  38.6 |   0.0 |   0.0 |  20.3 | 2391.8
          Lair |  29.2 |  29.4 |   0.0 |   0.0 |  38.7 | 10948.0
  Orcish Mines |  20.6 |  20.3 |   0.0 | 100.0 |  15.3 | 10822.5
   Elven Halls |   4.9 |   4.8 | 100.0 |   0.0 |  16.4 | 23243.0
      Ice Cave |   6.9 |   6.9 |   0.0 |   0.0 |   9.3 | 13164.0
               +-------+-------+-------+-------+-------+----------------------
